 Dungeon Crawl Stone Soup version 0.17-a0-1248-g117de50 (webtiles) character file.

2664 Kidiri the Firebug (level 9, -7/45 HPs)
             Began as a Gargoyle Fire Elementalist on June 5, 2015.
             Was a Follower of Vehumet.
             Shot with an arrow by a centaur warrior (16 damage)
             ... on level 9 of the Dungeon.
             The game lasted 01:14:40 (11183 turns).

Kidiri the Firebug (Gargoyle Fire Elementalist)    Turns: 11183, Time: 01:14:40

Health: -7/45      AC: 10    Str: 12    XL:     9   Next: 63%
Magic:  14/18      EV: 13    Int: 19    God:    Vehumet [*.....]
Gold:   508        SH:  0    Dex: 10    Spells: 7 memorised, 1 level left

rFire  . . .     SeeInvis .     e - +5 dagger
rCold  . . .     Clarity  .     E - +2 robe {MR+}
rNeg   + . .     SustAt   .     (no shield)
rPois  ∞         Gourm    .     (no helmet)
rElec  +         Spirit   .     (no cloak)
rCorr  .         Warding  .     (no gloves)
rMut   .         Stasis   .     K - +0 pair of boots {run}
MR     +....                    G - amulet of rage
Stlth  +++.......               (no ring)
                                (no ring)

@: quick, somewhat resistant to hostile enchantments, fairly stealthy
A: negative energy resistance 1, electricity resistance, unbreathing,
petrification resistance, rot immunity, AC +5
a: Renounce Religion, Evoke Berserk Rage


You were on level 9 of the Dungeon.
You worshipped Vehumet.
Vehumet was aware of your devotion.
You were not hungry.

You visited 2 branches of the dungeon, and saw 10 of its levels.

You collected 508 gold pieces.

Inventory:

Hand weapons
 e - a +5 dagger (weapon)
 y - the +4 trident of Embarrassment {antimagic, *Confuse rF+++ Str+5}
   (You found it on level 6 of the Dungeon)

   It disrupts the flow of magical energy around spellcasters and certain
   magical creatures (including the wielder).
   It affects your strength (+5).
   It renders you almost immune to fire.
   It may confuse you when you take damage.
Missiles
 f - 35 tomahawks (quivered)
Armour
 E - a +2 robe of magic resistance (worn)
 K - a +0 pair of boots of running (worn)
Jewellery
 G - an amulet of rage (around neck)
Magical devices
 a - a wand of polymorph (4)
 u - a wand of frost (5)
Scrolls
 h - 6 scrolls of remove curse
 n - 3 scrolls of magic mapping
 p - a scroll of enchant weapon
 r - a scroll of teleportation
 t - 2 scrolls of amnesia
 v - a scroll of fear
 w - 4 scrolls of enchant armour
 I - 2 scrolls of recharging
Potions
 g - a potion of ambrosia
 j - 2 potions of resistance
 l - a potion of brilliance
 o - a potion of magic
 x - 2 potions of cure mutation
 z - a potion of agility
 A - a potion of lignification
 B - a potion of curing
 D - a potion of poison {unknown}
 F - 2 potions of invisibility {unknown}
Books
 b - a book of Flames

   Spells                             Type                      Level
   a - Flame Tongue                   Conjuration/Fire             1
   b - Throw Flame                    Conjuration/Fire             2
   c - Conjure Flame                  Conjuration/Fire             3
   d - Inner Flame                    Hexes/Fire                   3
   e - Sticky Flame                   Conjuration/Fire             4
   f - Fireball                       Conjuration/Fire             5
 m - a book of Cantrips

   Spells                             Type                      Level
   a - Corona                         Hexes                        1
   b - Animate Skeleton               Necromancy                   1
   c - Summon Small Mammal            Summoning                    1
   d - Apportation                    Translocation                1
 C - a book of Beasts

   Spells                             Type                      Level
   a - Summon Butterflies             Summoning                    1
   b - Call Canine Familiar           Summoning                    3
   c - Summon Ice Beast               Ice/Summoning                4
   d - Summon Mana Viper              Hexes/Summoning              5
   e - Summon Hydra                   Summoning                    7
 H - Gobi Uxubec's Incunabulum of the Bewitching Snowflakes
   (You found it on level 7 of the Dungeon)

   Spells                             Type                      Level
   a - Freeze                         Ice                          1
   b - Ensorcelled Hibernation        Hexes/Ice                    2
   c - Throw Icicle                   Conjuration/Ice              4
   d - Ice Form                       Ice/Transmutation            4
   e - Summon Ice Beast               Ice/Summoning                4
   f - Metabolic Englaciation         Hexes/Ice                    5
Comestibles
 c - 9 bread rations
 d - 8 chunks of flesh
 i - 3 meat rations
 s - 6 fruits
 J - 6 beef jerkies


   Skills:
 + Level 3.8 Dodging
 + Level 4.8 Stealth
 * Level 6.0 Spellcasting
 * Level 6.7 Conjurations
 + Level 2.7 Hexes
 * Level 1.1 Summonings
 * Level 7.1 Fire Magic


You had one spell level left.
You knew the following spells:

 Your Spells              Type           Power        Failure   Level  Hunger
a - Flame Tongue          Conj/Fire      ####.        1%          1    None
b - Throw Flame           Conj/Fire      ####..       1%          2    None
c - Conjure Flame         Conj/Fire      ####....     1%          3    ##.....
d - Inner Flame           Hex/Fire       ###.....     6%          3    ##.....
e - Sticky Flame          Conj/Fire      ####....     10%         4    ####...
f - Fireball              Conj/Fire      ####......   21%         5    #####..
g - Summon Small Mammal   Summ           ##..         10%         1    None


Dungeon Overview and Level Annotations

Branches:
Dungeon (9/15)             Temple (1/1) D:7
   Lair: D:8-11         Orc: D:9-12

Altars:
Ashenzari
Cheibriados
Dithmenos
Elyvilon
Fedhas
Gozag
Kikubaaqudgha
Makhleb
Nemelex Xobeh
Okawaru
Qazlal
Ru
Sif Muna
Trog
Vehumet
Xom
Yredelemnul
Zin
The Shining One

Shops:
D:5 [   D:6 (   D:7 (


Innate Abilities, Weirdness & Mutations

You are resistant to torment.
Your stone body is resilient (AC +5).
You are immune to poison.
You resist negative energy.
You are resistant to electric shocks.
You can survive without breathing.
You are immune to petrification.
You are immune to rotting.


Message History

The centaur warrior shoots an arrow.
The arrow barely misses you.
You see here an arrow.
The centaur warrior shoots an arrow.
The arrow hits you!
You see here an arrow.
Casting: Throw Flame
Confirm with . or Enter, or press ? or * to list all spells.
Aiming: Throw Flame
Press: ? - help, Shift-Dir - straight line, f/p - centaur warrior
Aim: a centaur warrior, wielding a shortbow (lightly wounded)
The puff of flame hits the centaur warrior.
The centaur warrior is moderately wounded.
The centaur warrior shoots an arrow.
The arrow hits you!
You see here an arrow.
The centaur warrior shoots an arrow.
The arrow hits you!
* * * LOW HITPOINT WARNING * * *
You see here 2 arrows.
Casting: Throw Flame
Confirm with . or Enter, or press ? or * to list all spells.
The centaur warrior shoots an arrow.
The arrow hits you!
You die...

.................#
................#
#..............#
#......<.......
##.....c.......
##..(.........
##..#####....
#..## ... ##@## ..
#b(# . #.## ###


You could see a centaur warrior and a friendly bat.

Vanquished Creatures
  Grinder (D:3)
  A hippogriff (D:8)
  2 orc warriors (D:8)
  3 ogres
  3 phantoms
  A centaur (D:7)
  A wasp (D:7)
  2 giant frogs (D:7)
  2 scorpions
  A crimson imp (D:7)
  2 centaur zombies
  A giant frog zombie (D:6)
  6 orc wizards
  A jelly (D:7)
  5 orc priests
  Ijyb (D:3)
  3 hounds
  An iguana (D:5)
  A giant frog skeleton (D:5)
  5 worker ants
  A hound skeleton (D:5)
  2 worker ant zombies
  4 gnolls (D:4)
  15 adders
  2 shadow imps
  3 oozes
  2 adder skeletons
  An adder zombie (D:5)
  4 worms
  7 giant geckos
  24 orcs
  9 giant cockroaches
  14 hobgoblins
  4 quokkas
  A ball python (D:1)
  15 bats
  2 giant newts (D:2)
  12 goblins
  20 jackals
  17 kobolds
  13 rats
  2 plants (D:8)
217 creatures vanquished.

Vanquished Creatures (others)
  An orc wizard (D:5)
1 creature vanquished.

Grand Total: 218 creatures vanquished

Notes
Turn   | Place    | Note
--------------------------------------------------------------
     0 | D:1      | Kidiri the Gargoyle Fire Elementalist began the quest for the Orb.
     0 | D:1      | Reached XP level 1. HP: 10/10 MP: 3/3
   185 | D:1      | Reached XP level 2. HP: 15/15 MP: 3/5
   189 | D:1      | Learned a level 2 spell: Throw Flame
   825 | D:1      | Reached XP level 3. HP: 19/19 MP: 3/6
   830 | D:1      | Learned a level 3 spell: Conjure Flame
  1563 | D:2      | Reached XP level 4. HP: 24/24 MP: 5/7
  1769 | D:2      | Found an iron altar of Okawaru.
  2417 | D:3      | Reached skill level 4 in Fire Magic
  2562 | D:3      | Reached XP level 5. HP: 15/28 MP: 6/9
  2705 | D:3      | Learned a level 3 spell: Inner Flame
  2733 | D:3      | Noticed Grinder
  2737 | D:3      | Paralysed by Grinder for 3 turns
  2760 | D:3      | Paralysed by Grinder for 2 turns
  3418 | D:3      | Paralysed by Grinder for 3 turns
  3425 | D:3      | Killed Grinder
  3425 | D:3      | Reached XP level 6. HP: 16/32 MP: 7/11
  3609 | D:3      | Found a white marble altar of Elyvilon.
  3612 | D:3      | Noticed Ijyb
  3699 | D:3      | Killed Ijyb
  3701 | D:3      | Found a basalt altar of Yredelemnul.
  3972 | D:4      | Reached XP level 7. HP: 36/36 MP: 0/12
  3978 | D:4      | Learned a level 4 spell: Sticky Flame
  3994 | D:4      | Reached skill level 5 in Fire Magic
  4478 | D:4      | Found a sparkling altar of Nemelex Xobeh.
  4910 | D:4      | Reached XP level 8. HP: 41/41 MP: 6/14
  5320 | D:4      | Found a sparkling altar of Nemelex Xobeh.
  5617 | D:5      | Entered Level 5 of the Dungeon
  5685 | D:5      | Found Hoiwam's Armour Boutique.
  5809 | D:5      | Reached skill level 5 in Conjurations
  6158 | D:5      | Reached skill level 6 in Fire Magic
  6213 | D:5      | Reached skill level 1 in Hexes
  6932 | D:5      | Reached skill level 5 in Spellcasting
  7102 | D:6      | Found a sacrificial altar of Ru.
  7193 | D:6      | Got a twisted trident
  7194 | D:6      | Identified the +4 trident of Embarrassment {antimagic, *Confuse rF+++ Str+5} (You found it on level 6 of the Dungeon)
  7505 | D:6      | Found Jakhlutru's Weapon Shoppe.
  8430 | D:7      | Identified Gobi Uxubec's Incunabulum of the Bewitching Snowflakes
  8443 | D:7      | Found Gyotout's Antique Weapon Shoppe.
  8450 | D:7      | Reached XP level 9. HP: 45/45 MP: 9/17
  8488 | D:7      | Learned a level 5 spell: Fireball
  8748 | D:7      | Found an opulent altar of Gozag.
  8748 | D:7      | Found a shattered altar of Ashenzari.
  8757 | D:7      | Learned a level 1 spell: Summon Small Mammal
  8777 | D:7      | Found a staircase to the Ecumenical Temple.
  8783 | Temple   | Entered the Ecumenical Temple
  8953 | Temple   | Became a worshipper of Vehumet
  9691 | D:8      | Found a blossoming altar of Fedhas.
  9721 | D:8      | Reached skill level 7 in Fire Magic
  9806 | D:8      | Acquired Vehumet's first power
  9806 | D:8      | Offered knowledge of Sting by Vehumet.
  9872 | D:8      | HP: 1/45 [orc warrior/glaive (17)]
 10248 | D:8      | Found a stormy altar of Qazlal.
 10393 | D:8      | Identified a +0 pair of boots of running (You found it on level 8 of the Dungeon)
 10593 | D:8      | Reached skill level 1 in Summonings
 11172 | D:9      | Noticed a centaur warrior
 11183 | D:9      | Shot with an arrow by a centaur warrior

Vault maps used:
D:1:      wheals_arrival_shading, corexii_hall_statues_deadend
D:2:      old_standard_altar, first_bread
D:3:      grunt_temple_overflow_open, uniq_iyjb, uniq_grinder
D:4:      nemelex_xobeh_ov_fountains_minmay, nemelex_dance_club_becter
D:5:      serial_shops, nicolae_shop_window_shopping
D:6:      hangedman_ru_absence, serial_co_window_serial, co_window_corner_a,
          co_window_paths_a, co_window_paths_b, co_window_corner_a,
          co_window_paths_a, co_window_2corner, co_window_cross_2,
          co_window_corner_b, co_window_broadway_b, co_window_2corner,
          serial_shops, shop
D:7:      gammafunk_temple_overflow_wave, minmay_temple_entry_glassed_door,
          serial_shops, shop_fountains, grunt_ogre_cave, grunt_ministairs_12
D:8:      grunt_temple_overflow_forces_of_nature, nicolae_zen_rock_garden
D:9:      lair_0_dummy, special_room
Temple:   roderic_octagonal_lattice_temple

Action                   |  1- 3 |  4- 6 |  7- 9 || total
-------------------------+-------+-------+-------++-------
Melee: Dagger            |    35 |    85 |   166 ||   286
       Unarmed           |       |    11 |       ||    11
       Trident           |       |       |    23 ||    23
Throw: Tomahawk          |       |     1 |    38 ||    39
 Cast: Flame Tongue      |    50 |    59 |   167 ||   276
       Throw Flame       |     5 |     3 |    73 ||    81
       Conjure Flame     |       |     3 |    17 ||    20
       Inner Flame       |       |     2 |     5 ||     7
       Sticky Flame      |       |       |    13 ||    13
       Fireball          |       |       |     1 ||     1
       Summon Small Mamm |       |       |     1 ||     1
  Use: Scroll            |     8 |     1 |    11 ||    20
       Potion            |       |     3 |     2 ||     5
 Stab: Sleeping          |     2 |     3 |     2 ||     7
  Eat: Chunk             |     3 |     7 |    14 ||    24
       Meat ration       |       |     1 |     2 ||     3
       Beef jerky        |       |       |     1 ||     1
